 Dungeon Crawl Stone Soup version 0.29-a0-88-g03a7b78be7 (webtiles) character file.

Game seed: 6738808468155870360

188 lordive the Grasshopper (level 5, -6/53 HPs)
             Began as an Ogre Warper on Feb 5, 2022.
             Was an Initiate of Okawaru.
             Mangled by an ice beast (11 damage)
             ... on level 5 of the Dungeon.
             The game lasted 00:06:28 (5153 turns).

lordive the Grasshopper (Ogre Warper)               Turns: 5153, Time: 00:06:28

Health: -6/53      AC:  4    Str: 15    XL:     5   Next: 67%
Magic:  8/8        EV: 10    Int: 16    God:    Okawaru [......]
Gold:   222        SH:  0    Dex:  8    Spells: 9/9 levels left

rFire   . . .      SeeInvis .   a - +0 mace
rCold   . . .      Faith    .   (no shield)
rNeg    . . .      Spirit   .   o - +0 robe {Will+}
rPois   .          Reflect  .   (helmet restricted)
rElec   .          Harm     .   u - +0 cloak
rCorr   .          Rampage  .   (gloves unavailable)
Will    +....                   (boots unavailable)
Stlth   +.........              (no amulet)
HPRegen 0.17/turn               (no ring)
MPRegen 0.11/turn               (no ring)

@: no status effects
A: large, unfitting armour, tough skin 1
a: Renounce Religion


You were on level 5 of the Dungeon.
You worshipped Okawaru.
Okawaru was noncommittal.
You visited 2 branches of the dungeon, and saw 6 of its levels.

You collected 222 gold pieces.

Inventory:

Hand Weapons
 a - a +0 mace (weapon)
Missiles
 b - 8 boomerangs
 d - a boomerang of dispersal (quivered)
Armour
 o - a +0 robe of willpower (worn)
 u - a +0 cloak (worn)
Jewellery
 h - an amulet of faith
 k - a +6 ring of dexterity
 r - a ring of positive energy
 v - a ring of ice
Scrolls
 c - a scroll of blinking
 m - a scroll of noise {unknown}
 n - a scroll of enchant armour {unknown}
 p - a scroll of vulnerability {unknown}
 s - 2 scrolls of magic mapping {unknown}
 w - a scroll of amnesia {unknown}
Potions
 e - 3 potions of resistance {unknown}
 f - 2 potions of heal wounds {unknown}
 g - a potion of invisibility {unknown}
 i - a potion of degeneration {unknown}
 j - 2 potions of curing {unknown}
 l - a potion of might {unknown}
 q - a potion of magic {unknown}


   Skills:
 + Level 3.4 Fighting
 + Level 3.4 Maces & Flails
 - Level 1.0 Throwing
 + Level 2.8 Dodging
 + Level 0.7 Stealth
 + Level 2.5 Spellcasting
 * Level 3.7 Translocations


You had 9 spell levels left.
You didn't know any spells.
Your spell library contained the following spells:

 Spells                   Type           Power      Damage    Failure   Level
 Blink                    Tloc           28%        N/A       6%          2
 Gell's Gravitas          Tloc           14%        N/A       13%         3
 Lesser Beckoning         Tloc           14%        N/A       13%         3
 Teleport Other           Tloc           14%        N/A       13%         3
 Manifold Assault         Tloc           14%        N/A       75%         5


Dungeon Overview and Level Annotations

Branches:
Dungeon (5/15)             Temple (1/1) D:4

Altars:
Ashenzari
Cheibriados
Dithmenos
Elyvilon
Fedhas
Gozag
Hepliaklqana
Kikubaaqudgha
Makhleb
Nemelex Xobeh
Okawaru
Qazlal
Ru
Sif Muna
Trog
Uskayaw
Vehumet
Wu Jian
Xom
Yredelemnul
Zin
The Shining One

Shops:
D:3 ?

Annotations:
D:2 Sigmund


Innate Abilities, Weirdness & Mutations

You are too large for most types of armour.
You have tough skin. (AC +1)


Message History

The black bear barely misses you. The black bear misses you.
The black bear claws you.
* * * LOW HITPOINT WARNING * * *
The black bear misses you.
You hit the black bear but do no damage.
The black bear is severely wounded.
The black bear bites you but does no damage.
The black bear closely misses you. The black bear claws you.
* * * LOW HITPOINT WARNING * * *
The black bear closely misses you. x2; The black bear claws you.
* * * LOW HITPOINT WARNING * * *
Throw: 4 boomerangs (disperse)
Press: ? - help, Q - select action, (/) - cycle Shift-Dir - straight line, f - black bear
Aim: a black bear (severely wounded, berserk, 62% to hit)
You throw a boomerang of dispersal.
The boomerang of dispersal closely misses the black bear.
The boomerang of dispersal barely misses the ice beast.
The black bear barely misses you. x2
The black bear claws you but does no damage.
Throw: 3 boomerangs (disperse)
Press: ? - help, Q - select action, (/) - cycle Shift-Dir - straight line, f/p - black bear
Aim: a black bear (severely wounded, berserk, 62% to hit)
You throw a boomerang of dispersal.
The boomerang of dispersal hits the black bear.
The black bear blinks!
The black bear is severely wounded.
Unknown command.
The ice beast barely misses you.
The black bear is no longer berserk.
Throw: 2 boomerangs (disperse)
Press: ? - help, Q - select action, (/) - cycle Shift-Dir - straight line, f/p - black bear
Aim: a black bear (severely wounded, slow, 62% to hit)
You throw a boomerang of dispersal.
The boomerang of dispersal closely misses the ice beast.
The boomerang of dispersal hits the black bear.
The black bear blinks!
The ice beast hits you.
* * * LOW HITPOINT WARNING * * *
The ice beast freezes you!
You die...

#### ######..
##.).##.#
#.###.#.# #.#
#...#######
#.###>#........
##...##.########.#
##@###.# ... #Y#
#.# # ##.# #.# #.#
#.##.# #.# #.#
##.##.#
#.###.####..##.##
#ยง##......#.....#
#.##.....###....#
#.##.##.## ##.#.#
#.##.###.###.##.#


You could see an ice beast.

Vanquished Creatures
  A hound (D:4)
  A bullfrog zombie (D:4)
  An iguana (D:4)
  Terence (D:3)
  3 adders
  A worm (D:4)
  3 dart slugs
  3 orcs (D:3)
  5 bats
  2 endoplasms
  A giant cockroach (D:1)
  3 goblins
  3 hobgoblins
  A quokka (D:4)
  5 ball pythons
  2 frilled lizards (D:1)
  3 kobolds
  5 rats
44 creatures vanquished.

Notes
Turn   | Place    | Note
-------+----------+-------------------------------------------
     0 | D:1      | lordive the Ogre Warper began the quest for the Orb.
     0 | D:1      | Reached XP level 1. HP: 22/22 MP: 3/3
   225 | D:1      | Reached XP level 2. HP: 25/29 MP: 5/5
  1110 | D:2      | Reached XP level 3. HP: 29/36 MP: 6/6
  1180 | D:2      | Noticed Sigmund
  1622 | D:4      | Found a staircase to the Ecumenical Temple.
  1632 | Temple   | Entered the Ecumenical Temple
  1937 | Temple   | Became a worshipper of Warmaster Okawaru
  1984 | D:4      | Reached XP level 4. HP: 11/45 MP: 7/7
  2410 | D:3      | Noticed Terence
  2432 | D:3      | Killed Terence
  2714 | D:3      | Found a sacrificial altar of Ru.
  3231 | D:3      | Found Otruclec's Magic Scroll Emporium.
  4187 | D:4      | Reached XP level 5. HP: 21/53 MP: 8/8
  5009 | D:5      | Entered Level 5 of the Dungeon
  5103 | D:5      | Noticed a black bear
  5105 | D:5      | Noticed an ice beast
  5153 | D:5      | Mangled by an ice beast

Illustrated notes

Levels and vault maps discovered:
D:1:      dpeg_arrival_orchard, layout_loops_ring, dk_noncrumbling_2,
          corner_web_ring
D:2:      layout_loops_corners, ebering_ecumenical_altar_petrified, basic_altar,
          chequers_serial_rivers_micro_e, hex_medium, uniq_sigmund
D:3:      layout_loops_corners, amcnicky_altar_gilded, serial_shops,
          nicolae_shop_window_shopping, kennysheep_cross_bottleneck,
          uniq_terence
D:4:      layout_basic, minmay_temple_entry_tees
D:5:      layout_loops_ring, uniq_menkaure
Temple:   roderic_octagonal_lattice_temple

Skill      XL: |  1  2  3  4 |
---------------+-------------+-----
Translocations | 3 |  3.7
Maces & Flails | 2 3 |  3.4
Fighting       | 3 |  3.4
Throwing       | |  1.0
Dodging        | |  2.8
Stealth        | |  0.7
Spellcasting   | |  2.5

Action                   |  1- 3 |  4- 6 || total
-------------------------+-------+-------++-------
Melee: Mace              |   108 |   100 ||   208
       Punch             |       |     1 ||     1
Throw: Boomerang         |       |     4 ||     4
 Stab: Sleeping          |       |     2 ||     2
Armor: Robe              |    50 |    21 ||    71
Dodge: Dodged            |    77 |    64 ||   141

Table legend: (Time is in decaauts)
 A = Elapsed time spent in this place.
 B = Non-inter-level travel time spent in this place.
 C = Inter-level travel time spent in this place.
 D = Time resting spent in this place.
 E = Time spent auto-exploring this place.
 F = Levels seen in this place.
 G = Mean time per level.
                   A        B        C        D        E       F      G
               +--------+--------+--------+--------+--------+-----+--------+
         Total |   5213 |   4898 |    315 |    532 |   3760 |   6 |  868.8 |
       Dungeon |   4889 |   4629 |    260 |    532 |   3514 |   5 |  977.8 |
        Temple |    323 |    268 |     55 |      0 |    246 |   1 |  323.0 |
               +--------+--------+--------+--------+--------+-----+--------+

Top non-repeatable levels by time:
     D:3: 2066 daAuts
     D:4: 1386 daAuts
     D:1: 900 daAuts
     D:2: 390 daAuts
  Temple: 323 daAuts
     D:5: 145 daAuts
